 Dungeon Crawl Stone Soup version 0.29.1-15-g9cfb28693d (webtiles) character file.

Game seed: 5221425304399303128

203 Eitelfritz the Chiller (level 5, -2/36 HPs)
             Began as a Demonspawn Ice Elementalist on Mar 15, 2023.
             Slain by a phantom (6 damage)
             ... on level 3 of the Dungeon.
             The game lasted 00:12:33 (3768 turns).

Eitelfritz the Chiller (DsIE)                       Turns: 3768, Time: 00:12:34

Health: -2/36      AC:  2    Str:  9    XL:     5   Next: 51%
Magic:  9/11       EV: 12    Int: 20    God:
Gold:   103        SH:  5    Dex: 13    Spells: 1/12 levels left

rFire   . . .      SeeInvis .   e - +0 short sword
rCold   . . .      Faith    .   (no shield)
rNeg    . . .      Spirit   .   a - +0 robe
rPois   .          Reflect  +   (no helmet)
rElec   .          Harm     .   (no cloak)
rCorr   .          Rampage  .   (no gloves)
Will    .....                   (no boots)
Stlth   +.........              h - amulet of reflection
HPRegen 0.12/turn               (no ring)
MPRegen 0.12/turn               (no ring)

@: silenced
A: hooves 1, powered by death 1, big brain 1
a: no special abilities


You were on level 3 of the Dungeon.
You visited 1 branch of the dungeon, and saw 3 of its levels.

You collected 103 gold pieces.

Inventory:

Hand Weapons
 c - a +0 dagger
 d - a +0 sling
 e - a +0 short sword (weapon)
Armour
 a - a +0 robe (worn)
Jewellery
 h - an amulet of reflection (around neck)
Scrolls
 f - 3 scrolls of identify
 k - a scroll of fear {unknown}
 m - 2 scrolls of enchant armour
Potions
 i - a potion of lignification {unknown}
 j - a potion of attraction {unknown}


   Skills:
 + Level 0.3 Fighting
 + Level 0.6 Short Blades
 + Level 2.0 Dodging
 + Level 2.4 Stealth
 + Level 0.2 Shields
 + Level 4.0 Spellcasting
 + Level 4.4 Ice Magic


You had one spell level left.
You knew the following spells:

 Your Spells              Type           Power      Damage    Failure   Level
a - Freeze                Ice            88%        1d10      1%          1
b - Frozen Ramparts       Ice            44%        1d7       6%          3
c - Ozocubu's Armour      Ice            22%        N/A       6%          3
d - Shock                 Conj/Air       16%        1d4       13%         1
e - Sandblast             Erth           8%         2d5       13%         1
f - Passwall              Tmut/Erth      3%         N/A       19%         2

Your spell library contained the following spells:

 Spells                   Type           Power      Damage    Failure   Level
 Stone Arrow              Conj/Erth      8%         3d7       36%         3
 Swiftness                Air            4%         N/A       36%         3
 Hailstorm                Conj/Ice       13%        3d5       45%         4
 Airstrike                Air            2%         2d(1-17)  77%         4
 Petrify                  Tmut/Erth      4%         N/A       77%         4
 Metabolic Englaciation   Hex/Ice        6%         N/A       80%         5
 Statue Form              Tmut/Erth      2%         N/A       100%        6


Dungeon Overview and Level Annotations

Branches:
Dungeon (3/15)

Altars:

Annotations:
D:3 Grinder


Innate Abilities, Weirdness & Mutations

You have large cloven feet.
You regenerate a little health from kills.
You have an unusually large brain. (Int +2)


Message History

Casting: Sandblast (safe; 13% risk of failure)
Confirm with . or Enter, or press ? or * to list all spells.
Aiming: Sandblast (safe; 13% risk of failure)
Press: ? - help, Shift-Dir - straight line, f/p - phantom
Aim: a phantom (moderately damaged, 73% to hit)
The blast of sand misses the phantom.
You block the phantom's attack.
Casting: Sandblast (safe; 13% risk of failure)
Confirm with . or Enter, or press ? or * to list all spells.
Aiming: Sandblast (safe; 13% risk of failure)
Press: ? - help, Shift-Dir - straight line, f/p - phantom
Aim: a phantom (moderately damaged, 73% to hit)
The blast of sand hits the phantom.
The phantom is moderately damaged.
The phantom hits you.
* * * LOW HITPOINT WARNING * * *
You block the phantom's attack.
Casting: Sandblast (safe; 13% risk of failure)
Confirm with . or Enter, or press ? or * to list all spells.
Aiming: Sandblast (safe; 13% risk of failure)
Press: ? - help, Shift-Dir - straight line, f/p - phantom
Aim: a phantom (moderately damaged, 73% to hit)
The blast of sand hits the phantom.
The phantom is moderately damaged.
The phantom closely misses you. The phantom attacks as you move away!
The phantom barely misses you.
Your magical contamination has completely faded away.
As you read the scroll labelled HIMPIA EZISAEQ, it crumbles to dust.
It is a scroll of identify.
m - 2 scrolls of enchant armour The phantom closely misses you.
As you read the scroll labelled IKKIWI VYD JIS, it crumbles to dust.
A profound silence engulfs you.
It was a scroll of silence.
The phantom closely misses you. The phantom attacks as you move away!
You block the phantom's attack.
A kobold comes into view.
It is wielding a +0 rapier and carrying a wand of light (11).
You see here a +0 club.
You closely miss the phantom.
The phantom is lightly damaged.
The phantom hits you.
You die...

#..........##################
...<.#..##....##.. ....
.................. #.##
.....##.#########. ###.#. .##
#.#### #####.. ##.....
#....##......# ##..#.##
#.##....# ####.....#
#...##<######......###
##...#@.......##..##
#....W..#######.##
.##....(...##....#
#.#K.....#....####
.....#....#.#####
###..##.#.......#
......#.......###
#.##..>..###.## .###.....#
#.####


You could see a phantom and a kobold (wandering).

Vanquished Creatures
  An orc priest (D:3)
  5 gnolls (D:2)
  4 adders
  A worm (D:2)
  3 dart slugs
  7 orcs (D:3)
  7 ball pythons
  8 bats
  2 endoplasms
  3 giant cockroaches
  4 goblins
  6 hobgoblins
  2 jackals (D:2)
  2 quokkas
  4 frilled lizards
  6 kobolds
  9 rats
74 creatures vanquished.

Vanquished Creatures (others)
  12 plants (D:3)
12 creatures vanquished.

Grand Total: 86 creatures vanquished

Notes
Turn   | Place    | Note
-------+----------+-------------------------------------------
     0 | D:1      | Eitelfritz the Demonspawn Ice Elementalist began the quest
                  | for the Orb.
     0 | D:1      | Reached XP level 1. HP: 13/13 MP: 3/3
   215 | D:1      | Gained mutation: You have large cloven feet. [demonic
                  | ancestry]
   215 | D:1      | Reached XP level 2. HP: 16/19 MP: 1/5
   670 | D:1      | Reached XP level 3. HP: 13/24 MP: 4/6
  1148 | D:1      | Learned a level 3 spell: Frozen Ramparts
  1152 | D:1      | Learned a level 3 spell: Ozocubu's Armour
  1945 | D:2      | Gained mutation: You have an unusually large brain. (Int
                  | +2) [demonic ancestry]
  1945 | D:2      | Reached XP level 4. HP: 25/30 MP: 2/8
  2160 | D:2      | Learned a level 1 spell: Shock
  3115 | D:3      | Noticed Grinder
  3234 | D:3      | Gained mutation: You regenerate a little health from kills.
                  | [demonic ancestry]
  3234 | D:3      | Reached XP level 5. HP: 35/36 MP: 4/10
  3241 | D:3      | Learned a level 1 spell: Sandblast
  3244 | D:3      | Learned a level 2 spell: Passwall
  3725 | D:3      | Noticed a phantom
  3752 | D:3      | HP: 1/36 [phantom (7)]
  3768 | D:3      | Slain by a phantom

Illustrated notes

Levels and vault maps discovered:
D:1:      dpeg_arrival_connections, layout_rooms
D:2:      layout_basic, minmay_puff
D:3:      layout_rooms, serial_bayou, serial_bayou_pond_a, serial_bayou_pond_b,
          serial_bayou_pond_e, serial_bayou_shore_a, interstate_on_off,
          uniq_grinder

Skill      XL: |  1  2  3  4  5 |
---------------+----------------+-----
Stealth        | 2 |  2.4
Ice Magic      | 4 |  4.4
Spellcasting   | 3 4 |  4.0
Dodging        | 2 |  2.0
Fighting       | |  0.3
Short Blades   | |  0.6
Shields        | |  0.2

Action                   |  1- 3 |  4- 6 || total
-------------------------+-------+-------++-------
Melee: Dagger            |     9 |       ||     9
       Short sword       |    21 |    25 ||    46
       Kick              |    10 |     6 ||    16
 Fire: Sling             |     2 |     4 ||     6
 Cast: Freeze            |    43 |    33 ||    76
       Frozen Ramparts   |     2 |     7 ||     9
       Sandblast         |       |    10 ||    10
       Shock             |       |     3 ||     3
  Use: Potion            |       |     3 ||     3
       Scroll            |       |     2 ||     2
 Stab: Sleeping          |     5 |     3 ||     8
Armor: Robe              |     9 |     8 ||    17
Dodge: Dodged            |    36 |    29 ||    65
Block: Other             |     5 |    14 ||    19
